 Dungeon Sprint DCSS version 0.26-a0-737-g4e9f4955e2 (webtiles) character file.

Game seed: 2217869911853974329

25505 mhtbhm the Shatterer (level 12, -1/136 HPs)
             Began as a Minotaur Berserker on Nov 3, 2020.
             Was the Champion of Trog.
             Slain by a death cob (20 damage)
             ... in the Dungeon (Sprint VII: "The Pits") on Nov 4, 2020.
             The game lasted 00:07:54 (4243 turns).

mhtbhm the Shatterer (Minotaur Berserker)           Turns: 4243, Time: 00:07:55

Health: -1/136     AC: 19    Str: 33    XL:     12   Next: 90%
Magic:  11/11      EV: 18    Int:  4    God:    Trog [******]
Gold:   54         SH:  0    Dex: 12    Spells: 11/11 levels left

rFire    . . .     SeeInvis .   a - +7 dire flail of Equivalence {vorpal, Str+6}
rCold    + . .     Faith    .   (shield currently unavailable)
rNeg     . . .     Spirit   .   b - +3 chain mail {rC+}
rPois    +         Reflect  .   (helmet unavailable)
rElec    .         Harm     .   (no cloak)
rCorr    .         Rampage  .   p - +0 pair of gloves
MR       .....     NoTele   +   (no boots)
Stlth    ..........             r - amulet of the acrobat
HPRegen  0.32/turn              l - +3 ring of evasion
MPRegen  0.12/turn              v - ring of poison resistance

@: slowed, very slow
A: retaliatory headbutt, horns 3, talons 1, agile 1
a: Berserk, Trog's Hand, Brothers in Arms, Renounce Religion


You were in the Dungeon.
You worshipped Trog.
Trog was exalted by your worship.
You visited 1 branch You collected 54 gold pieces.

Inventory:

Hand Weapons
 a - the +7 dire flail of Equivalence (weapon) {vorpal, Str+6}
   (Trog gifted it to you in the Dungeon)

   It inflicts extra damage upon your enemies.
   It affects your strength (+6).
 q - the +7 demon whip of the Equinox {flame, rF+ rC+}
   (Trog gifted it to you in the Dungeon)

   It has been specially enchanted to burn those struck by it, causing extra
   injury to most foes and up to half again as much damage against particularly
   susceptible opponents.
   It protects you from fire.
   It protects you from cold.
Missiles
 x - 6 curare-tipped darts (quivered)
Armour
 b - a +3 chain mail of cold resistance (worn)
 p - a +0 pair of gloves (worn)
Jewellery
 l - a +3 ring of evasion (left hand)
 r - an amulet of the acrobat (around neck)
 s - an uncursed ring of fire
 v - a ring of poison resistance (right hand)
Scrolls
 h - 2 scrolls of blinking
 j - 3 scrolls of remove curse
 k - a scroll of summoning
 u - 5 scrolls of enchant armour
 y - 2 scrolls of enchant weapon
 z - 3 scrolls of fear
 A - a scroll of identify
Potions
 c - 11 potions of curing
 d - 10 potions of heal wounds
 e - 3 potions of haste
 f - 4 potions of magic
 g - 3 potions of berserk rage
 i - 2 potions of invisibility
 n - a potion of resistance
 o - 2 potions of stabbing
 t - a potion of mutation
Miscellaneous
 w - a tin of tremorstones (3/3)


   Skills:
 + Level 21.0 Fighting
 + Level 21.4 Maces & Flails
 + Level 0.2 Throwing
 + Level 19.5 Armour
 + Level 11.5 Dodging
 + Level 4.8 Stealth


You had 11 spell levels left.
You didn't know any spells.
Your spell library was empty.

Dungeon Overview and Level Annotations

Branches:
Dungeon (1/1)

Altars:
Cheibriados
Dithmenos
Elyvilon
Fedhas
Gozag
Hepliaklqana
Makhleb
Nemelex Xobeh
Okawaru
Qazlal
Ru
Sif Muna
Trog
Wu Jian
Xom
Yredelemnul
Zin
The Shining One
Jiyva


Innate Abilities, Weirdness & Mutations

You reflexively headbutt those who attack you in melee.
You have a pair of large horns on your head.
You have sharp toenails.
You are agile. (Dex +2)


Message History

The death cob hits you but does no damage. x2
You hit the death cob but do no damage. Your kick misses the death cob.
You headbutt the death cob, but do no damage.
The death cob is almost destroyed.
The death cob hits you!! The death cob drains your vigour!
You feel as though you will be slow longer.
The death cob hits you! The death cob drains your vigour!
You feel as though you will be slow longer.
Unknown command.
Your cyclops goes berserk!
The death cob hits you!
* * * LOW HITPOINT WARNING * * *
The death cob drains your vigour!
You feel as though you will be slow longer.
The death cob misses you. The death cob hits you!!
* * * LOW HITPOINT WARNING * * *
The death cob drains your vigour!
You feel as though you will be slow longer.
The death cob hits you!!
You die...

###### ####### #.... .......
#... ....... #..# ## ######
#..##.# # #.)#t# # #.@z#.# #
#..#r#.# # #C.##.#.# #
#..################
##########..................
_______.##..................
_______.###########''#######
_____...###########''#######
##########'##................##


You could see a death cob, a fire crab, a hell rat and a friendly cyclops
(summoned, berserk).

Vanquished Creatures
  A curse toe (D)
  A deep elf master archer (D)
  An eidolon (D)
  A mummy priest (D)
  A boulder beetle (D)
  A merfolk avatar (D)
  A naga warrior (D)
  A catoblepas (D)
  A death yak (D)
  An ogre mage (D)
  A death knight (D)
  2 two-headed ogres (D)
  2 shadow wraiths (D)
  2 unseen horrors (D)
  A spriggan druid (D)
  A sea snake (D)
  A wizard (D)
  A deep troll (D)
  A lindwurm (D)
  A wolf spider (D)
  A cyclops (D)
  A manticore (D)
  A black mamba (D)
  2 guardian serpents (D)
  A rust devil (D)
  A gargoyle (D)
  A naga mage (D)
  A cane toad (D)
  An eye of devastation (D)
  A rime drake (D)
  An efreet (D)
  A yaktaur (D)
  A hellwing (D)
  2 ice devils (D)
  2 hornets (D)
  A wandering mushroom (D)
  A polar bear (shapeshifter) (D)
  A tyrant leech (D)
  2 snapping turtles (D)
  A bog body (D)
  2 redbacks (D)
  Eustachio (D)
  Grum (D)
  A warg (D)
  A naga (D)
  A soldier ant (D)
  A floating eye (D)
  2 phantoms (D)
  An ice beast (D)
  A necrophage (D)
  3 wolves (D)
  A centaur (D)
  A big kobold (D)
  A crimson imp (D)
  2 orc wizards (D)
  3 orc priests (D)
  An iguana (D)
  A worker ant (D)
  A hell rat (D)
  An adder (D)
  A river rat (D)
  2 ufetubi (D)
  2 oozes (D)
  An adder simulacrum (D)
  3 orcs (D)
  A bat (D)
  A bat simulacrum (D)
  A bat zombie (D)
  2 giant cockroaches (D)
  A hobgoblin (D)
  A kobold (D)
  4 frilled lizards (D)
  A goblin (D)
  A leopard gecko skeleton (D)
  2 rats (D)
98 creatures vanquished.

Vanquished Creatures (collateral kills)
  An orc sorcerer (D)
  An orc knight (D)
  2 orc warriors (D)
  3 orcs (D)
7 creatures vanquished.

Grand Total: 105 creatures vanquished

Notes
Turn   | Place    | Note
-------+----------+-------------------------------------------
     0 | D        | mhtbhm the Minotaur Berserker began the quest for the Orb.
     0 | D        | Reached XP level 1. HP: 19/19 MP: 0/0
   127 | D        | Found a bloodstained altar of Trog.
   127 | D        | Found a shimmering blue altar of Sif Muna.
   127 | D        | Found a viscous altar of Jiyva.
   127 | D        | Found a hazy altar of Hepliaklqana.
   127 | D        | Found an opulent altar of Gozag.
   258 | D        | Reached ** piety under Trog
   259 | D        | Reached XP level 2. HP: 28/28 MP: 1/1
   265 | D        | Reached skill level 5 in Maces & Flails
   270 | D        | Noticed a crimson imp
   271 | D        | Noticed a floating eye
   272 | D        | Reached *** piety under Trog
   272 | D        | Paralysed by a floating eye for 2 turns
   275 | D        | Paralysed by a floating eye for 4 turns
   281 | D        | Killed a crimson imp
   281 | D        | Reached XP level 3. HP: 25/37 MP: 2/2
   281 | D        | Paralysed by a floating eye for 3 turns
   285 | D        | Paralysed by a floating eye for 4 turns
   290 | D        | Killed a floating eye
   290 | D        | Reached XP level 4. HP: 34/48 MP: 3/3
   290 | D        | Reached XP level 5. HP: 37/53 MP: 4/4
   398 | D        | Noticed a phantom
   399 | D        | Noticed an ice beast
   403 | D        | Reached **** piety under Trog
   408 | D        | Reached skill level 5 in Armour
   408 | D        | Reached skill level 5 in Dodging
   418 | D        | Killed an ice beast
   418 | D        | Reached ***** piety under Trog
   418 | D        | Reached skill level 10 in Maces & Flails
   418 | D        | Reached XP level 6. HP: 26/66 MP: 5/5
   448 | D        | Received a gift from Trog
   448 | D        | Reached skill level 10 in Fighting
   641 | D        | Noticed a bog body
   651 | D        | Killed a bog body
   651 | D        | Reached XP level 7. HP: 47/74 MP: 6/6
   779 | D        | Reached skill level 1 in Stealth
   895 | D        | Noticed a deep troll
   895 | D        | Noticed a snapping turtle
   900 | D        | Killed a deep troll
   900 | D        | Reached XP level 8. HP: 83/83 MP: 7/7
   912 | D        | Killed a snapping turtle
   913 | D        | Received a gift from Trog
  1037 | D        | Found a glowing golden altar of the Shining One.
  1037 | D        | Found a glowing silver altar of Zin.
  1037 | D        | Found a basalt altar of Yredelemnul.
  1037 | D        | Found a shimmering altar of Xom.
  1037 | D        | Found an ornate altar of the Wu Jian Council.
  1037 | D        | Found a sacrificial altar of Ru.
  1037 | D        | Found a stormy altar of Qazlal.
  1037 | D        | Found an iron altar of Okawaru.
  1037 | D        | Found a sparkling altar of Nemelex Xobeh.
  1037 | D        | Found a burning altar of Makhleb.
  1037 | D        | Found a blossoming altar of Fedhas.
  1037 | D        | Found a white marble altar of Elyvilon.
  1037 | D        | Found a shadowy altar of Dithmenos.
  1037 | D        | Found a snail-covered altar of Cheibriados.
  1064 | D        | Noticed a gargoyle
  1069 | D        | Killed a gargoyle
  1069 | D        | Reached ****** piety under Trog
  1069 | D        | Reached skill level 15 in Maces & Flails
  1112 | D        | Killed an unseen horror
  1112 | D        | Reached XP level 9. HP: 32/93 MP: 8/8
  1384 | D        | Noticed an ice devil
  1384 | D        | Noticed an orc knight
  1384 | D        | Noticed an orc sorcerer
  1384 | D        | Noticed a rime drake
  1389 | D        | Killed an orc sorcerer
  1391 | D        | Killed a rime drake
  1391 | D        | Received a gift from Trog
  1391 | D        | Killed an orc knight
  1391 | D        | Reached skill level 10 in Armour
  1395 | D        | Killed an ice devil
  1403 | D        | Got a steaming demon whip {god gift}
  1404 | D        | Identified the +7 demon whip of the Equinox {flame, rF+
                  | rC+} (Trog gifted it to you in the Dungeon)
  1499 | D        | Noticed a rust devil
  1500 | D        | Noticed a guardian serpent
  1508 | D        | Killed a rust devil
  1512 | D        | Killed a guardian serpent
  1512 | D        | Received a gift from Trog
  1595 | D        | Noticed a wolf spider
  1596 | D        | Noticed a manticore
  1604 | D        | Killed a wolf spider
  1604 | D        | Reached skill level 10 in Dodging
  1604 | D        | Reached XP level 10. HP: 69/104 MP: 9/9
  1608 | D        | Killed a manticore
  1981 | D        | Noticed a merfolk avatar
  1990 | D        | Killed a merfolk avatar
  1990 | D        | Reached skill level 15 in Fighting
  1991 | D        | Killed an unseen horror
  2031 | D        | Upgraded the game from 0.26-a0-720-g2a1d101370 to
                  | 0.26-a0-737-g4e9f4955e2
  2034 | D        | Noticed a curse toe
  2043 | D        | Noticed a deathcap
  2043 | D        | Killed a curse toe
  2043 | D        | Received a gift from Trog
  2043 | D        | Reached skill level 15 in Armour
  2043 | D        | Reached XP level 11. HP: 88/115 MP: 10/10
  2551 | D        | Noticed a death yak
  2566 | D        | Killed a death yak
  2724 | D        | Received a gift from Trog
  2739 | D        | Noticed a sea snake
  2746 | D        | Killed a sea snake
  2814 | D        | Killed a shadow wraith
  3050 | D        | Received a gift from Trog
  3066 | D        | Noticed a two-headed ogre
  3066 | D        | Noticed a two-headed ogre
  3069 | D        | Killed a two-headed ogre
  3074 | D        | Killed a two-headed ogre
  3077 | D        | Noticed a boulder beetle
  3095 | D        | Received a gift from Trog
  3107 | D        | Killed a boulder beetle
  3141 | D        | Noticed a naga warrior
  3240 | D        | Noticed Eustachio
  3254 | D        | Killed a naga warrior
  3262 | D        | Received a gift from Trog
  3262 | D        | Reached XP level 12. HP: 93/128 MP: 11/11
  3266 | D        | Killed Eustachio
  3318 | D        | Noticed a catoblepas
  3325 | D        | Killed a catoblepas
  3396 | D        | Received a gift from Trog
  3421 | D        | Got a slimy dire flail {god gift}
  3422 | D        | Identified the +7 dire flail of Equivalence {vorpal, Str+6}
                  | (Trog gifted it to you in the Dungeon)
  3645 | D        | Gained mutation: You have a pair of large horns on your
                  | head. [potion of mutation]
  3645 | D        | Gained mutation: You are agile. (Dex +2) [potion of
                  | mutation]
  3645 | D        | Gained mutation: You have sharp toenails. [potion of
                  | mutation]
  3756 | D        | Noticed a death knight
  3756 | D        | Noticed a deep elf master archer
  3756 | D        | Noticed a mummy priest
  3756 | D        | Noticed an eidolon
  3756 | D        | Noticed an ogre mage
  3759 | D        | Noticed a jiangshi
  3761 | D        | Killed a deep elf master archer
  3770 | D        | Killed a death knight
  3770 | D        | Received a gift from Trog
  3778 | D        | Killed a mummy priest
  3785 | D        | Killed an eidolon
  3787 | D        | Killed an ogre mage
  4125 | D        | Received a gift from Trog
  4143 | D        | Noticed Grum
  4147 | D        | Killed Grum
  4147 | D        | Received a gift from Trog
  4232 | D        | Noticed a death cob
  4243 | D        | Slain by a death cob

Illustrated notes

Levels and vault maps discovered:
D:        pitsprint [storerooms_1, entrance_room_1, metal_vault_7, armoury_1,
          mini_pit_1, grid_room_1, main_hall_1, silver_pit, the_coven_2,
          the_vestibule_1, steel_vault_1, golden_pit, hallway_of_sentries,
          crystal_vault_2, iron_vault_4, final_vault]

Skill      XL: |  1  2  3  4  5  6  7  8  9 10 11 12 |
---------------+-------------------------------------+-----
Fighting       | 4 6 8 9 11 12 13 14 16 18 21 | 21.0
Maces & Flails | 4 6 8 10 12 13 15 17 19 21 | 21.4
Armour         | 3 4 5 6 7 8 11 15 17 19 | 19.5
Dodging        | 3 4 6 7 8 9 10 11 | 11.5
Stealth        | 1 2 3 4 |  4.8
Throwing       | |  0.2

Action                   |  1- 3 |  4- 6 |  7- 9 | 10-12 || total
-------------------------+-------+-------+-------+-------++-------
Melee: Mace              |    21 |    43 |    28 |       ||    92
       Headbutt          |     5 |     9 |    16 |    56 ||    86
       Morningstar       |       |       |    14 |       ||    14
       Demon whip        |       |       |    17 |   155 ||   172
       Dire flail        |       |       |       |    70 ||    70
       Kick              |       |       |       |    28 ||    28
Throw: Dart              |       |       |       |     1 ||     1
Invok: Berserk           |       |     1 |     3 |     4 ||     8
       Brothers in Arms  |       |       |     2 |     1 ||     3
  Use: Potion            |       |       |       |     1 ||     1
 Stab: Distracted        |       |       |       |     1 ||     1
Armor: Animal skin       |    10 |       |       |       ||    10
       Chain mail        |       |    23 |    54 |    51 ||   128
Dodge: Dodged            |    11 |    11 |    33 |   103 ||   158

Table legend: (Time is in decaauts)
 A = Elapsed time spent in this place.
 B = Non-inter-level travel time spent in this place.
 C = Inter-level travel time spent in this place.
 D = Time resting spent in this place.
 E = Time spent auto-exploring this place.
 F = Levels seen in this place.
 G = Mean time per level.
                   A        B        C        D        E       F      G
               +--------+--------+--------+--------+--------+-----+--------+
         Total |   4200 |   4200 |      0 |   2943 |     62 |   1 | 4200.0 |
       Dungeon |   4200 |   4200 |      0 |   2943 |     62 |   1 | 4200.0 |
               +--------+--------+--------+--------+--------+-----+--------+

Top non-repeatable levels by time:
       D: 4200 daAuts
